 Dungeon Crawl Stone Soup version 0.18.1-50-g88ac8fd (webtiles) character file.

67 GFox the Skirmisher (level 4, 0/41 HPs)
             Began as a Minotaur Fighter on Sept 26, 2016.
             Slain by Crazy Yiuf
             ... wielding a +4 quarterstaff of chaos
              (6 damage)
             ... on level 2 of the Dungeon.
             The game lasted 00:08:35 (1086 turns).

GFox the Skirmisher (Minotaur Fighter)              Turns: 1086, Time: 00:08:36

Health: 0/41       AC: 12    Str: 22    XL:     4   Next: 0%
Magic:  3/3        EV:  4    Int:  5    God:
Gold:   33         SH:  9    Dex:  9    Spells: 0 memorised, 3 levels left

rFire  + . .     SeeInvis .     a - +0 war axe
rCold  x . .     Gourm    .     i - +0 plate armour
rNeg   . . .     Faith    .     c - +0 shield
rPois  .         Spirit   .     (helmet restricted)
rElec  .         Dismiss  .     (no cloak)
rCorr  .         Reflect  .     l - +0 pair of gloves
SustAt .         Harm     .     (no boots)
MR     .....                    (no amulet)
Stlth  ..........               (no ring)
                                m - ring of fire

@: very slightly contaminated, invisible, not resistant to hostile enchantments,
extremely unstealthy
A: retaliatory headbutt, horns 2
a: no special abilities


You were on level 2 of the Dungeon.
You were not hungry.

You visited 1 branch of the dungeon, and saw 2 of its levels.

You collected 33 gold pieces.

Inventory:

Hand Weapons
 a - a +0 war axe (weapon)
Armour
 c - a +0 shield (worn)
 i - a +0 plate armour (worn)
 l - a +0 pair of gloves (worn)
Jewellery
 m - a ring of fire (left hand)
Scrolls
 e - 2 scrolls of identify {unknown}
 k - a scroll of immolation {unknown}
Potions
 b - 2 potions of curing {unknown}
 d - a potion of might
 g - a potion of degeneration {unknown}
Comestibles
 f - a bread ration
 h - a chunk of flesh
 j - a beef jerky


   Skills:
 * Level 4.6 Fighting
 * Level 4.3 Axes
 - Level 3.6 Armour
 - Level 3.7 Shields


You had 3 spell levels left.
You didn't know any spells.

Dungeon Overview and Level Annotations

Branches:
Dungeon (2/15)

Altars:

Annotations:
D:2 Crazy Yiuf


Innate Abilities, Weirdness & Mutations

You reflexively headbutt those who attack you in melee.
You have a pair of horns on your head.


Message History

Crazy Yiuf hits you with a quarterstaff of chaos.
* * * LOW HITPOINT WARNING * * *
You block Crazy Yiuf's attack.
You hit Crazy Yiuf but do no damage.
Crazy Yiuf is heavily wounded.
You block Crazy Yiuf's attack.
You hit Crazy Yiuf.
Crazy Yiuf is severely wounded.
Crazy Yiuf hits you but does no damage. You block Crazy Yiuf's attack.
You hit Crazy Yiuf.
Crazy Yiuf is severely wounded.
Crazy Yiuf closely misses you. Crazy Yiuf barely misses you.
You hit Crazy Yiuf.
Crazy Yiuf is severely wounded.
You block Crazy Yiuf's attack. x2
Your plate armour prevents you from hitting Crazy Yiuf.
Your headbutt misses Crazy Yiuf.
Crazy Yiuf is severely wounded.
Crazy Yiuf hits you with a quarterstaff of chaos.
You die...

######### #.......####
### #.#........##
###..)#
#.#.##.....P####@g...#
#.#.#......P.#..##...#
)......>....#.### ###
))......#######
)##.###.# )(#.# #.###
#)#.###.#.#
..........#
##...##.#.#


You could see Crazy Yiuf (berserk).

Vanquished Creatures
  Robin (D:2)
  2 adders (D:2)
  A worm (D:2)
  A dart slug (D:1)
  3 bats
  2 giant cockroaches
  8 goblins (D:2)
  5 hobgoblins
  A giant newt (D:2)
  5 kobolds
  4 rats (D:2)
33 creatures vanquished.

Vanquished Creatures (others)
  2 fungi (D:2)
2 creatures vanquished.

Grand Total: 35 creatures vanquished

Notes
Turn   | Place    | Note
--------------------------------------------------------------
     0 | D:1      | GFox the Minotaur Fighter began the quest for the Orb.
     0 | D:1      | Reached XP level 1. HP: 19/19 MP: 0/0
   148 | D:1      | Reached XP level 2. HP: 27/27 MP: 1/1
   339 | D:1      | You fall through a shaft!
   407 | D:2      | Noticed Robin
   417 | D:2      | Killed Robin
   417 | D:2      | Reached XP level 3. HP: 27/34 MP: 2/2
  1049 | D:2      | Reached XP level 4. HP: 38/41 MP: 3/3
  1071 | D:2      | Noticed Crazy Yiuf
  1086 | D:2      | Slain by Crazy Yiuf

Skill      XL: |  1  2  3 |
---------------+----------+-----
Fighting       | 4 |  4.6
Axes           | 3 4 |  4.3
Armour         | |  3.6
Shields        | |  3.7

Action                   |  1- 3 |  4- 6 || total
-------------------------+-------+-------++-------
Melee: War axe           |    93 |    13 ||   106
       Headbutt          |    14 |     2 ||    16
  Eat: Chunk             |     1 |       ||     1
Armor: Scale mail        |    15 |       ||    15
       Plate armour      |    63 |     2 ||    65
Dodge: Dodged            |    18 |     3 ||    21
Block: Shield            |    54 |     8 ||    62
